 Dungeon Crawl Stone Soup version 0.27-a0-1319-geec4fb4e21 (webtiles) character file.

Game seed: 7063676686083080926

70 Anon1729 the Sneak (level 4, 0/26 HPs)
             Began as a Kobold Brigand on June 21, 2021.
             Succumbed to an adder's poison
             ... on level 2 of the Dungeon.
             The game lasted 00:01:49 (1514 turns).

Anon1729 the Sneak (Kobold Brigand)                 Turns: 1514, Time: 00:01:49

Health: 0/26       AC:  3    Str:  8    XL:     4   Next: 45%
Magic:  4/4        EV: 14    Int: 12    God:
Gold:   58         SH:  0    Dex: 17    Spells: 3/3 levels left

rFire    + . .     SeeInvis .   a - +2 dagger
rCold    + . .     Faith    .   (shield restricted)
rNeg     . . .     Spirit   .   b - +0 robe
rPois    +         Reflect  .   (no helmet)
rElec    +         Harm     .   c - +0 cloak
rCorr    +         Rampage  .   (no gloves)
Will     .....                  (no boots)
Stlth    ++++......             (no amulet)
HPRegen  0.08/turn              (no ring)
MPRegen  0.09/turn              (no ring)

@: brilliant, lethally poisoned (0 -> -2), resistant, attractive, flying
A: small, no large weapons, nightstalker 3
a: no special abilities


You were on level 2 of the Dungeon.
You visited 1 branch of the dungeon, and saw 2 of its levels.

You collected 58 gold pieces.

Inventory:

Hand Weapons
 a - a +2 dagger (weapon)
Missiles
 d - 4 poisoned darts (quivered)
 e - 2 curare-tipped darts
Armour
 b - a +0 robe (worn)
 c - a +0 cloak (worn)
Scrolls
 g - a scroll of brand weapon {unknown}
 i - a scroll of immolation {unknown}
 j - a scroll of magic mapping {unknown}
 k - a scroll of teleportation {unknown}
 n - 2 scrolls of enchant armour {unknown}
 o - a scroll of silence {unknown}


   Skills:
 - Level 2.2 Fighting
 + Level 4.4 Short Blades
 - Level 2.2 Throwing
 - Level 1.3 Dodging
 + Level 6.6 Stealth


You had 3 spell levels left.
You didn't know any spells.
Your spell library was empty.

Dungeon Overview and Level Annotations

Branches:
Dungeon (2/15)

Altars:

Shops:
D:2 =


Innate Abilities, Weirdness & Mutations

You are small and have problems with some larger weapons.
You are completely attuned to the shadows.


Message History

Aim: an adder (44% to hit)
You throw a poisoned dart. The poisoned dart hits the adder.
The adder is poisoned.
You feel sick. The adder barely misses you.
Throw: 5 darts (poison)
Press: ? - help, Q - select action, (/) - cycle Shift-Dir - straight line, f/p - adder
Aim: an adder (poisoned, 44% to hit)
You throw a poisoned dart. The poisoned dart hits the adder.
The adder looks even sicker.
You feel sick. The adder bites you but does no damage.
You feel sick.
You completely miss the adder.
The adder is moderately wounded.
You feel sick. The adder barely misses you.
You hit the adder.
The adder is heavily wounded.
You feel sick. The adder bites you.
* * * LOW HITPOINT WARNING * * *
You are lethally poisoned!
The adder poisons you!
Okay, then.
* * * LOW HITPOINT WARNING * * *
You feel sick.
You kill the adder!
It was a potion of brilliance.
You feel clever all of a sudden.
* * * LOW HITPOINT WARNING * * *
You feel sick.
The worm looks more healthy.
It was a potion of flight.
You feel very buoyant.
You fly up into the air.
* * * LOW HITPOINT WARNING * * *
You feel sick.
It was a potion of resistance.
You feel protected.
* * * LOW HITPOINT WARNING * * *
You feel sick.
It was a potion of attraction.
You feel attractive to monsters.
You die...

#.. ##### #..
#...###### #.#
#.#.......
#.#########...######
#............## #
#####.############ .
.......## #
###.....####
......@w..#
###<....##(########.
##...###.(........
##.......(.......
#..#############


You could see a worm.

Vanquished Creatures
  3 adders (D:2)
  2 worms (D:2)
  A dart slug (D:1)
  4 endoplasms
  3 goblins (D:1)
  3 hobgoblins
  7 jackals
  A kobold (D:1)
  5 ball pythons
  3 bats
  2 frilled lizards (D:1)
34 creatures vanquished.

Notes
Turn   | Place    | Note
-------+----------+-------------------------------------------
     0 | D:1      | Anon1729 the Kobold Brigand began the quest for the Orb.
     0 | D:1      | Reached XP level 1. HP: 12/12 MP: 1/1
   170 | D:1      | Reached XP level 2. HP: 17/17 MP: 2/2
   538 | D:1      | Found a faded altar of an unknown god.
   729 | D:1      | Reached XP level 3. HP: 18/21 MP: 3/3
   958 | D:2      | Reached skill level 6 in Stealth
  1039 | D:2      | Found Zolamiriav's Jewellery Shop.
  1233 | D:2      | Reached XP level 4. HP: 17/26 MP: 4/4
  1513 | D:2      | HP: 1/26 [poisoned by an adder]
  1514 | D:2      | Succumbed to an adder's poison

Illustrated notes

Levels and vault maps discovered:
D:1:      shiori_arrival_elements, layout_loops_ring,
          shapermc_ecumenical_altar_venn, serial_forest,
          infiniplex_forest_corner_1, infiniplex_forest_zigzag_1,
          infiniplex_forest_straight_4, infiniplex_forest_lined_2,
          infiniplex_forest_end_double, infiniplex_forest_lined_1,
          infiniplex_forest_lined_room_3, infiniplex_forest_straight_3,
          moated_statue
D:2:      layout_loops_ring, serial_shops, shop

Skill      XL: |  1  2  3 |
---------------+----------+-----
Short Blades   | 3 4 |  4.4
Stealth        | 6 |  6.6
Fighting       | |  2.2
Throwing       | |  2.2
Dodging        | |  1.3

Action                   |  1- 3 |  4- 6 || total
-------------------------+-------+-------++-------
Melee: Dagger            |    81 |    12 ||    93
Throw: Dart              |       |     4 ||     4
  Use: Potion            |       |     4 ||     4
 Stab: Sleeping          |    17 |     4 ||    21
Armor: Robe              |    10 |     1 ||    11
Dodge: Dodged            |    53 |    10 ||    63

Table legend: (Time is in decaauts)
 A = Elapsed time spent in this place.
 B = Non-inter-level travel time spent in this place.
 C = Inter-level travel time spent in this place.
 D = Time resting spent in this place.
 E = Time spent auto-exploring this place.
 F = Levels seen in this place.
 G = Mean time per level.
                   A        B        C        D        E       F      G
               +--------+--------+--------+--------+--------+-----+--------+
         Total |   1497 |   1458 |     39 |      0 |   1243 |   2 |  748.5 |
       Dungeon |   1497 |   1458 |     39 |      0 |   1243 |   2 |  748.5 |
               +--------+--------+--------+--------+--------+-----+--------+

Top non-repeatable levels by time:
     D:1: 942 daAuts
     D:2: 555 daAuts
